 Dungeon Crawl Stone Soup version 0.24-a0-524-gf43b32f898 (webtiles) character file.

Game seed: 16834842107569114921

172 Flugkiller the Sneak (level 5, -8/36 HPs)
             Began as an Octopode Assassin on July 31, 2019.
             Killed by divine providence
             ... invoked by an orc priest
              (13 damage)
             ... on level 3 of the Dungeon.
             The game lasted 00:03:25 (2509 turns).

Flugkiller the Sneak (Octopode Assassin)            Turns: 2509, Time: 00:03:26

Health: -8/36      AC:  1    Str: 11    XL:     5   Next: 53%
Magic:  5/5        EV: 14    Int: 13    God:
Gold:   84         SH:  0    Dex: 14    Spells: 4/4 levels left

rFire    . . .     SeeInvis .   a - +2 dagger
rCold    . . .     Gourm    .   (no shield)
rNeg     . . .     Faith    .   (helmet restricted)
rPois    .         Spirit   .   (no amulet)
rElec    .         Reflect  .   e - ring of wizardry
rCorr    .         Harm     .   (no ring)
MR       .....                  (no ring)
Stlth    ++++......             (no ring)
HPRegen  0.12/turn              (no ring)
MPRegen  0.09/turn              (no ring)
                                (no ring)
                                (no ring)

@: no status effects
A: almost no armour, stealthy swim, amphibious, 8 rings, constrict 8, camouflage
1, gelatinous body 1
a: no special abilities


You were on level 3 of the Dungeon.
You were not hungry.

You visited 1 branch of the dungeon, and saw 3 of its levels.

You collected 84 gold pieces.

Inventory:

Hand Weapons
 a - a +2 dagger (weapon)
Missiles
 b - 5 poisoned darts (quivered)
 c - 2 curare-tipped darts
Jewellery
 e - a ring of wizardry (left tentacle)
   (You found it on level 1 of the Dungeon)
 u - an uncursed ring of protection from cold {unknown}
   (You found it on level 3 of the Dungeon)
Scrolls
 g - a scroll of remove curse {unknown}
 i - a scroll of amnesia {unknown}
 m - 2 scrolls of blinking {unknown}
 n - 2 scrolls of magic mapping {unknown}
 q - a scroll of identify {unknown}
 r - a scroll of immolation {unknown}
Potions
 f - 3 potions of might {unknown}
 h - 2 potions of curing {unknown}
 j - 2 potions of heal wounds {unknown}
 k - a potion of berserk rage {unknown}
 l - a potion of haste {unknown}
 o - 2 potions of degeneration {unknown}
 s - a potion of lignification {unknown}
 t - a potion of flight {unknown}
Comestibles
 d - 7 rations


   Skills:
 + Level 3.5 Fighting
 + Level 3.5 Short Blades
 - Level 2.0 Throwing
 + Level 3.0 Dodging
 - Level 5.3 Stealth


You had 4 spell levels left.
You didn't know any spells.
Your spell library was empty.

Dungeon Overview and Level Annotations

Branches:
Dungeon (3/15)

Altars:
Dithmenos
Ru


Innate Abilities, Weirdness & Mutations

You cannot wear most types of armour.
You are very stealthy in the water. (Stealth+)
You are amphibious.
You can wear up to eight rings at the same time.
You can use your tentacles to constrict eight enemies at once.
Your skin changes colour to match your surroundings (Stealth+).
Your rubbery body absorbs attacks. (AC +1, EV +1)


Message History

The orc priest is poisoned.
You hit the orc priest but do no damage.
You grab the orc priest.
The orc priest is moderately wounded.
You constrict the orc priest, but do no damage.
The orc priest hits you with a +0 club.
You hit the orc priest but do no damage.
The orc priest is moderately wounded.
You constrict the orc priest.
You hit the orc priest but do no damage.
The orc priest is heavily wounded.
You constrict the orc priest. The orc priest hits you with a +0 club.
You hit the orc priest.
The orc priest is severely wounded.
You constrict the orc priest, but do no damage.
The orc priest hits you with a +0 club.
You hit the orc priest.
You kill the orc priest!
Your Dodging skill increases to level 3!
Things that are here:
a +0 club; a +0 leather armour; an orc corpse You butcher the orc corpse.
p - a chunk of flesh
Things that are here:
a +0 club; a +0 leather armour; an orc skeleton You start resting.
Eating a chunk of flesh.
You eat the chunk of flesh.
This raw flesh tastes terrible.
You see here a +0 mace.
The orc is too close now for your liking.
An orc is nearby!
An orc is nearby!
The orc priest shouts!
You see here a +0 falchion.
The orc priest invokes the aid of Beogh against you.
Beogh smites you!
* * * LOW HITPOINT WARNING * * *
The orc shouts! x2
Items here: ( ))) [ a poisoned dart; a +0 hand axe; a +0 leather armour; a +0 flail a +0 short sword The orc priest calls down the wrath of Beogh upon you.
Beogh smites you!
* * * LOW HITPOINT WARNING * * *
You see here a +0 falchion.
Unknown command.
Unknown command.
Unknown command.
The orc priest mumbles some strange prayers to Beogh against you.
Beogh smites you!
You die...

## .. .. .. ##### .. #...# ..
#.#@## .. ##### #.#..###### )..
#...#####.##.#....# ...
#.#..<....##.o.##.# ...
#.####............# ######## ##.#
#....##.#...().o.####....... ....
####..#....#.)..o)o(#.......
###.#####.....)##.######...o..>..
#(....(.........# ##...o....


You could see an orc priest and 2 orcs.

Vanquished Creatures
  An orc priest (D:3)
  Terence (D:3)
  3 adders (D:3)
  An ooze (D:1)
  2 worms (D:2)
  4 dart slugs
  2 leopard geckos
  5 orcs (D:3)
  A ball python (D:1)
  3 giant cockroaches
  7 goblins
  5 hobgoblins
  2 jackals (D:1)
  8 kobolds
  2 quokkas
  10 bats
  4 frilled lizards
  5 rats
66 creatures vanquished.

Notes
Turn   | Place    | Note
-------+----------+-------------------------------------------
     0 | D:1      | Flugkiller the Octopode Assassin began the quest for the
                  | Orb.
     0 | D:1      | Reached XP level 1. HP: 14/14 MP: 1/1
   145 | D:1      | Reached XP level 2. HP: 19/19 MP: 2/2
   376 | D:1      | Reached XP level 3. HP: 25/25 MP: 3/3
  1035 | D:2      | Found a shadowy altar of Dithmenos.
  1098 | D:2      | Found a sacrificial altar of Ru.
  1230 | D:2      | Found a faded altar of an unknown god.
  1234 | D:2      | Reached XP level 4. HP: 27/30 MP: 4/4
  1459 | D:3      | Noticed Terence
  1492 | D:3      | Killed Terence
  1863 | D:3      | Reached XP level 5. HP: 36/36 MP: 5/5
  2509 | D:3      | Killed from afar by an orc priest

Levels and vault maps discovered:
D:1:      dpeg_arrival_leaves_temple_mockup, layout_basic
D:2:      layout_basic, overflow_temple_1_default,
          nicolae_ru_sacrificial_ziggurat, chequers_ecumenical_altar_lobes,
          chequers_serial_rivers_micro_b, serial_park_tiny_1, hex_medium,
          minmay_pentomino_x4
D:3:      layout_rooms, kennysheep_path_1, uniq_terence

Skill      XL: |  1  2  3  4  5 |
---------------+----------------+-----
Dodging        | 2 3 |  3.0
Short Blades   | 3 |  3.5
Fighting       | 3 |  3.5
Throwing       | |  2.0
Stealth        | |  5.3

Action                   |  1- 3 |  4- 6 || total
-------------------------+-------+-------++-------
Melee: Dagger            |    62 |    66 ||   128
       Tentacles         |     9 |    12 ||    21
       Constrict         |     9 |    15 ||    24
Throw: Dart              |       |    11 ||    11
 Stab: Sleeping          |    24 |     2 ||    26
       Distracted        |       |     1 ||     1
  Eat: Chunk             |     1 |     4 ||     5
Armor: Skin              |     2 |     2 ||     4
Dodge: Dodged            |    23 |    31 ||    54

Table legend:
 A = Non-vault XP
 B = Vault XP
 C = Vault XP percentage of total XP
 D = Non-vault monster count
 E = Vault monster count
 F = Vault count percentage of total count
                 A         B        C        D         E       F
            +---------+---------+-------+---------+---------+-------
      Total |     207 |      40 |  16.2 |      62 |       4 |   6.1
            +---------+---------+-------+---------+---------+-------
        D:1 |      56 |       0 |   0.0 |      26 |       0 |   0.0
        D:2 |      46 |       4 |   8.0 |      21 |       3 |  12.5
        D:3 |     105 |      36 |  25.5 |      15 |       1 |   6.2
            +---------+---------+-------+---------+---------+-------
